 Dungeon Crawl Stone Soup version 0.30.1 (webtiles) character file.

Game seed: 3885110510531749822

90 LustLizard the Sneak (level 4, -14/28 HPs)
             Began as a Kobold Brigand on July 8, 2023.
             Demolished by a sleepcap (20 damage)
             ... on level 4 of the Dungeon.
             The game lasted 00:05:30 (2360 turns).

LustLizard the Sneak (Kobold Brigand)               Turns: 2360, Time: 00:05:30

Health: -14/28     AC:  5    Str:  8    XL:     4   Next: 85%
Magic:  4/4        EV:  3    Int: 12    God:
Gold:   119        SH:  0    Dex: 18    Spells: 3/3 levels left

rFire   . . .        a - +2 dagger
rCold   . . .        (no shield)
rNeg    . . .        b - +0 robe
rPois   .            n - +1 helmet
rElec   .            c - +0 cloak
rCorr   .            (no gloves)
SInv    .            (no boots)
Will    .....        (no amulet)
Stlth   ++++         (no ring)
HPRegen 0.24/turn    (no ring)
MPRegen 0.09/turn

%: no passive effects
@: sleeping
A: small, no large weapons, nightstalker 3
a: no special abilities


You were on level 4 of the Dungeon.
You visited 1 branch of the dungeon, and saw 4 of its levels.

You collected 119 gold pieces.

Inventory:

Hand Weapons
 a - a +2 dagger (weapon)
 v - a +0 long sword
Missiles
 d - 19 poisoned darts
 e - 3 curare-tipped darts
 j - 20 stones (quivered)
 r - 6 datura-tipped darts
Armour
 b - a +0 robe (worn)
 c - a +0 cloak (worn)
 n - a +1 helmet (worn)
Scrolls
 f - a scroll of vulnerability {unknown}
 h - 2 scrolls of teleportation
 i - a scroll of fear {unknown}
 k - a scroll of noise {unknown}
 l - a scroll of enchant armour {unknown}
 p - a scroll of amnesia {unknown}
 q - a scroll of enchant weapon {unknown}
 t - a scroll of fog {unknown}
 u - a scroll of silence {unknown}
 w - a scroll of identify {unknown}
Potions
 g - 2 potions of heal wounds {unknown}
 m - a potion of berserk rage {unknown}
 o - a potion of mutation {unknown}
 s - a potion of curing {unknown}
 x - a potion of magic {unknown}


   Skills:
 + Level 3.0 Fighting
 * Level 4.2 Short Blades
 + Level 3.0 Throwing
 - Level 1.2 Dodging
 + Level 6.0 Stealth


You had 3 spell levels left.
You didn't know any spells.
Your spell library was empty.

Dungeon Overview and Level Annotations

Branches:
Dungeon (4/15)
 Temple: D:4-7

Altars:
Trog
The Shining One


Innate Abilities, Weirdness & Mutations

You are small and have problems with some larger weapons.
You are completely attuned to the shadows.


Message History

The sleepcap releases spores at you!
You wake up.
You hit the sleepcap.
The sleepcap is lightly damaged.
You hit the sleepcap but do no damage.
The sleepcap is lightly damaged.
The sleepcap misses you.
You hit the sleepcap.
The sleepcap is lightly damaged.
The sleepcap closely misses you.
You hit the sleepcap.
The sleepcap is moderately damaged.
The sleepcap closely misses you.
You hit the sleepcap but do no damage.
The sleepcap is moderately damaged.
You hit the sleepcap but do no damage.
The sleepcap is moderately damaged.
The sleepcap releases spores at you but does no damage.
You hit the sleepcap.
The sleepcap is heavily damaged.
The sleepcap completely misses you.
You hit the sleepcap.
The sleepcap is heavily damaged.
The sleepcap misses you.
You hit the sleepcap.
The sleepcap is severely damaged.
The sleepcap barely misses you.
You hit the sleepcap.
The sleepcap is severely damaged.
You hit the sleepcap but do no damage.
The sleepcap is severely damaged.
The sleepcap misses you.
You hit the sleepcap.
The sleepcap is almost destroyed.
The sleepcap releases spores at you!
* * * LOW HITPOINT WARNING * * *
You are engulfed in a cloud of soporific spores!
You fall asleep.
The sleepcap releases spores at you!!
Ouch! That really hurt!
You die...

.....
###+###....
#.........
#....##.#######
#..f..........#
#..@..#.#####.#
#####.#.# #.#
..... #.#
###############
#.# #......#
#.#.#...
#.####.#
#.#.#.. #.#
#.#######
#.#.#.# #.#
#.......#
#.#.#.# #.#
#######.#
#...>.#


You could see a sleepcap.

Vanquished Creatures
  2 adders
  A worm (D:2)
  3 dart slugs
  9 endoplasms
  A giant cockroach (D:3)
  5 hobgoblins
  4 jackals (D:2)
  6 kobolds
  3 quokkas
  9 ball pythons
  4 bats
  3 frilled lizards
  2 goblins (D:2)
  6 rats
58 creatures vanquished.

Notes
Turn   | Place    | Note
-------+----------+-------------------------------------------
     0 | D:1      | LustLizard the Kobold Brigand began the quest for the Orb.
     0 | D:1      | Reached XP level 1. HP: 12/12 MP: 1/1
   121 | D:1      | Reached XP level 2. HP: 16/18 MP: 2/2
   377 | D:1      | Found a faded altar of an unknown god.
   486 | D:1      | Reached XP level 3. HP: 21/22 MP: 3/3
  1005 | D:2      | Reached XP level 4. HP: 27/27 MP: 4/4
  1596 | D:3      | Found a glowing golden altar of the Shining One.
  2003 | D:3      | Reached skill level 6 in Stealth
  2138 | D:3      | Found a bloodstained altar of Trog.
  2360 | D:4      | Demolished by a sleepcap

Illustrated notes

Levels and vault maps discovered:
D:1:      dpeg_arrival_houses_and_road, layout_rooms,
          dreamdust_ecumenical_altar_hidden_monk_grotto, minivault_19,
          minmay_misc_feat_tiny
D:2:      layout_basic, kennysheep_generic_room_4
D:3:      layout_basic, mainiacjoe_overflow_large_starburst
D:4:      layout_basic, overflow_temple_1_default, minmay_temple_entry_hall,
          nrook_mini_backslash, st_stairs_8, uniq_menkaure, uniq_robin

Skill      XL: |  1  2  3  4 |
---------------+-------------+-----
Short Blades   | 3 4 |  4.2
Throwing       | 3 |  3.0
Fighting       | 3 |  3.0
Stealth        | 6 |  6.0
Dodging        | |  1.2

Action                     |  1- 3 |  4- 6 || total
---------------------------+-------+-------++-------
  Melee: Dagger            |    90 |    70 ||   160
         Punch             |       |     1 ||     1
  Throw: Dart              |     4 |       ||     4
         Stone             |       |     1 ||     1
    Use: Scroll            |       |     1 ||     1
   Stab: Sleeping          |    13 |    10 ||    23
 Armour: Robe              |    16 |     6 ||    22
  Dodge: Dodged            |    62 |    30 ||    92
